 Dungeon Crawl Stone Soup version 0.24.0-123-gd5b16e6ec5 (webtiles) character file.

Game seed: 10805043084013472306, levelgen mode: deterministic

395 FishyPogo the Charmwright (level 6, 0/51 HPs)
             Began as a Gnoll Skald on Dec 20, 2019.
             Killed from afar by Sigmund (8 damage)
             ... with a puff of flame
             ... on level 2 of the Dungeon on Dec 21, 2019.
             The game lasted 00:06:29 (1648 turns).

FishyPogo the Charmwright (Gnoll Skald)             Turns: 1648, Time: 00:06:35

Health: 0/51       AC:  6    Str: 13 (15) XL:     6   Next: 82%
Magic:  11/14      EV: 15    Int: 17 (20) God:
Gold:   93         SH:  0    Dex: 18 (19) Spells: 4/15 levels left

rFire    . . .     SeeInvis +   s - +1 dagger (speed)
rCold    . . .     Gourm    .   (no shield)
rNeg     . . .     Faith    .   b - +0 leather armour
rPois    .         Spirit   .   g - +2 helmet {SInv}
rElec    .         Reflect  .   (no cloak)
rCorr    .         Harm     .   (no gloves)
MR       .....                  (no boots)
Stlth    ++........             (no amulet)
HPRegen  0.17/turn              p - +4 ring of dexterity
MPRegen  0.14/turn              r - +5 ring of intelligence

@: no status effects
A: distributed training, fangs 1, strong nose
a: no special abilities


You were on level 2 of the Dungeon.
You were hungry.

You visited 1 branch of the dungeon, and saw 3 of its levels.

You collected 93 gold pieces.

Inventory:

Hand Weapons
 a - a +0 spear
 s - a +1 dagger of speed (weapon)
Missiles
 i - 5 javelins (quivered)
 n - 17 stones
Armour
 b - a +0 leather armour (worn)
 g - a +2 helmet of see invisible (worn)
Jewellery
 p - a +4 ring of dexterity (left hand)
 r - a +5 ring of intelligence (right hand)
Scrolls
 f - a scroll of random uselessness {unknown}
 k - a scroll of amnesia {unknown}
 l - a scroll of enchant weapon {unknown}
 o - 5 scrolls of identify
 q - a scroll of remove curse {unknown}
Potions
 e - a potion of berserk rage {unknown}
 h - a potion of flight
 j - a potion of degeneration
 m - a potion of haste {unknown}
Comestibles
 c - 5 chunks of flesh
 d - 4 rations


   Skills:
 + Level 5.0 Fighting
 + Level 2.1 Short Blades
 + Level 2.1 Long Blades
 + Level 2.1 Axes
 + Level 2.1 Maces & Flails
 + Level 5.0 Polearms
 + Level 2.1 Staves
 + Level 2.1 Slings
 + Level 2.1 Bows
 + Level 2.1 Crossbows
 + Level 2.1 Throwing
 + Level 3.3 Armour
 + Level 5.0 Dodging
 + Level 2.1 Stealth
 + Level 2.1 Shields
 + Level 2.1 Unarmed Combat
 + Level 5.4 Spellcasting
 + Level 1.6 Conjurations
 + Level 1.6 Hexes
 + Level 5.7 Charms
 + Level 1.6 Summonings
 + Level 1.6 Necromancy
 + Level 1.6 Translocations
 + Level 1.6 Transmutations
 + Level 1.6 Fire Magic
 + Level 1.6 Ice Magic
 + Level 1.6 Air Magic
 + Level 1.6 Earth Magic
 + Level 1.6 Poison Magic
 + Level 2.3 Invocations
 + Level 2.1 Evocations


You had 4 spell levels left.
You knew the following spells:

 Your Spells              Type           Power        Failure   Level  Hunger
h - Regeneration          Chrm/Necr      ###.......   12%         3    ##.....
n - Spectral Weapon       Hex/Chrm       ###.....     12%         3    ##.....
p - Shroud of Golubria    Chrm/Tloc      ###...       6%          2    #......
u - Song of Slaying       Chrm           ###.....     2%          2    #......
y - Infusion              Chrm           ###.         1%          1    None

Your spell library contained the following spells:

 Spells                   Type           Power        Failure   Level  Hunger


Dungeon Overview and Level Annotations

Branches:
Dungeon (3/15)

Altars:

Annotations:
D:2 Sigmund


Innate Abilities, Weirdness & Mutations

Your experience applies equally to all skills.
You have very sharp teeth.
Your uncanny sense of smell can sniff out nearby items.


Message History

You bump into the rock wall.
Sigmund closely misses you.
You're too confused to move!
Sigmund casts a spell at you. The puff of flame hits you!
You bump into the rock wall.
Sigmund zaps a wand.
The puff of flame hits you!
You closely miss Sigmund.
Sigmund is almost dead.
You're too confused to move!
Sigmund hits you with a +0 scythe of flaming!
* * * LOW HITPOINT WARNING * * *
Sigmund burns you.
* * * LOW HITPOINT WARNING * * *
It was a potion of degeneration.
There was something very wrong with that liquid.
You feel weakened.
You feel dopey.
You feel clumsy.
You feel less confused.
Sigmund breathes a few words.
Sigmund's hands start flickering wildly.
Sigmund zaps a wand.
The puff of flame hits you!
You die...

###### ###### # #....#
##....# ####....#
###.....#
).......#####.[.@####
...........>#.#.(@.....#
.##.#.#####.#.#..#####.#
.##...# #.#<....#
.#....#### #.#####.#
##.......# #.# #
#..)....##.#.#
##.........#.###
#......####...#


You could see Sigmund (invisible) and a friendly spectral +1 dagger of speed.

Vanquished Creatures
  A sky beast (D:3)
  2 ogres (D:3)
  4 gnolls (D:3)
  3 adders (D:2)
  A worm (D:2)
  A dart slug (D:3)
  A leopard gecko (D:1)
  An orc (D:3)
  5 bats (D:1)
  2 giant cockroaches (D:1)
  10 goblins
  9 hobgoblins
  4 jackals (D:2)
  A quokka (D:3)
  A ball python (D:1)
  6 frilled lizards
  5 kobolds
  3 rats
60 creatures vanquished.

Vanquished Creatures (others)
  A spectral weapon (D:3)
1 creature vanquished.

Grand Total: 61 creatures vanquished

Notes
Turn   | Place    | Note
-------+----------+-------------------------------------------
     0 | D:1      | FishyPogo the Gnoll Skald began the quest for the Orb.
     0 | D:1      | Reached XP level 1. HP: 20/20 MP: 6/6
    49 | D:1      | Reached XP level 2. HP: 21/26 MP: 7/7
    63 | D:1      | Learned a level 2 spell: Song of Slaying
    67 | D:1      | Learned a level 2 spell: Shroud of Golubria
   382 | D:1      | Reached XP level 3. HP: 31/31 MP: 9/9
   387 | D:1      | Learned a level 3 spell: Regeneration
   395 | D:1      | Learned a level 3 spell: Spectral Weapon
   465 | D:1      | Reached skill level 5 in Spellcasting
   667 | D:2      | Reached skill level 1 in Invocations
   938 | D:2      | Reached skill level 1 in Short Blades
   938 | D:2      | Reached skill level 1 in Long Blades
   938 | D:2      | Reached skill level 1 in Axes
   938 | D:2      | Reached skill level 1 in Maces & Flails
   938 | D:2      | Reached skill level 1 in Staves
   938 | D:2      | Reached skill level 1 in Slings
   938 | D:2      | Reached skill level 1 in Bows
   938 | D:2      | Reached skill level 1 in Crossbows
   938 | D:2      | Reached skill level 1 in Throwing
   938 | D:2      | Reached skill level 1 in Stealth
   938 | D:2      | Reached skill level 1 in Shields
   938 | D:2      | Reached skill level 1 in Unarmed Combat
   938 | D:2      | Reached skill level 1 in Evocations
   938 | D:2      | Reached XP level 4. HP: 38/38 MP: 3/11
  1020 | D:2      | You fall into a shaft and drop 1 floor!
  1101 | D:3      | Noticed an ogre
  1195 | D:3      | Reached skill level 1 in Conjurations
  1195 | D:3      | Reached skill level 1 in Hexes
  1195 | D:3      | Reached skill level 1 in Summonings
  1195 | D:3      | Reached skill level 1 in Necromancy
  1195 | D:3      | Reached skill level 1 in Translocations
  1195 | D:3      | Reached skill level 1 in Transmutations
  1195 | D:3      | Reached skill level 1 in Fire Magic
  1195 | D:3      | Reached skill level 1 in Ice Magic
  1195 | D:3      | Reached skill level 1 in Air Magic
  1195 | D:3      | Reached skill level 1 in Earth Magic
  1195 | D:3      | Reached skill level 1 in Poison Magic
  1202 | D:3      | Reached XP level 5. HP: 24/43 MP: 10/12
  1281 | D:3      | Noticed a sky beast
  1297 | D:3      | Killed a sky beast
  1297 | D:3      | Reached XP level 6. HP: 37/50 MP: 2/13
  1432 | D:3      | Reached skill level 5 in Fighting
  1432 | D:3      | Reached skill level 5 in Polearms
  1432 | D:3      | Reached skill level 5 in Dodging
  1618 | D:2      | Noticed Sigmund
  1648 | D:2      | Killed from afar by Sigmund

Levels and vault maps discovered:
D:1:      dpeg_arrival_oval, layout_basic
D:2:      layout_basic, lemuel_doored_altar, first_ration, uniq_sigmund
D:3:      layout_loops_ring

Skill      XL: |  1  2  3  4  5  6 |
---------------+-------------------+-----
Spellcasting   | 5 |  5.4
Invocations    | 1 2 |  2.3
Short Blades   | 1 2 |  2.1
Long Blades    | 1 2 |  2.1
Axes           | 1 2 |  2.1
Maces & Flails | 1 2 |  2.1
Staves         | 1 2 |  2.1
Slings         | 1 2 |  2.1
Bows           | 1 2 |  2.1
Crossbows      | 1 2 |  2.1
Throwing       | 1 2 |  2.1
Stealth        | 1 2 |  2.1
Shields        | 1 2 |  2.1
Unarmed Combat | 1 2 |  2.1
Evocations     | 1 2 |  2.1
Conjurations   | 1 |  1.6
Hexes          | 1 |  1.6
Summonings     | 1 |  1.6
Necromancy     | 1 |  1.6
Translocations | 1 |  1.6
Transmutations | 1 |  1.6
Fire Magic     | 1 |  1.6
Ice Magic      | 1 |  1.6
Air Magic      | 1 |  1.6
Earth Magic    | 1 |  1.6
Poison Magic   | 1 |  1.6
Armour         | 3 |  3.3
Fighting       | 5 |  5.0
Polearms       | 5 |  5.0
Dodging        | 5 |  5.0
Charms         | |  5.7

Action                   |  1- 3 |  4- 6 || total
-------------------------+-------+-------++-------
Melee: Spear             |   158 |   120 ||   278
       Bite              |    13 |    12 ||    25
       Dagger            |       |    26 ||    26
 Cast: Infusion          |     1 |     2 ||     3
       Song of Slaying   |     1 |     1 ||     2
       Shroud of Golubri |     3 |     6 ||     9
       Regeneration      |     1 |     1 ||     2
       Spectral Weapon   |       |     4 ||     4
  Use: Scroll            |       |     1 ||     1
       Potion            |       |     1 ||     1
 Stab: Sleeping          |     2 |     1 ||     3
  Eat: Chunk             |       |     3 ||     3
Armor: Leather armour    |    32 |    17 ||    49
Dodge: Dodged            |    96 |    90 ||   186
